 Dungeon Crawl Stone Soup version 0.19.4-8-ga85b6b9 (webtiles) character file.

2567 Naow the Thaumaturge (level 9, -5/45 HPs)
             Began as a Deep Elf Fire Elementalist on Feb 14, 2017.
             Was a Believer of Qazlal.
             Shot with an arrow by a centaur (17 damage)
             ... on level 7 of the Dungeon.
             The game lasted 00:12:21 (7665 turns).

Naow the Thaumaturge (Deep Elf Fire Elementalist)   Turns: 7665, Time: 00:12:22

Health: -5/45      AC:  4    Str:  5    XL:     9   Next: 31%
Magic:  23/24      EV: 13    Int: 26    God:    Qazlal [**....]
Gold:   282        SH:  2    Dex: 15    Spells: 4 memorised, 17 levels left

rFire  . . .     SeeInvis .     A - +1 whip (elec)
rCold  . . .     Gourm    .     a - +0 robe
rNeg   . . .     Faith    +     (no shield)
rPois  .         Spirit   .     (no helmet)
rElec  .         Reflect  .     C - +0 cloak (curse)
rCorr  .         Harm     .     (no gloves)
MR     .....                    p - +0 pair of boots
Stlth  ++........               g - amulet of faith
                                m - +2 ring of intelligence
                                (no ring)

@: no status effects
A: no striking features
a: Upheaval, Renounce Religion


You were on level 7 of the Dungeon.
You worshipped Qazlal.
Qazlal was pleased with you.
You were very hungry.

You visited 1 branch of the dungeon, and saw 7 of its levels.

You collected 282 gold pieces.

Inventory:

Hand Weapons
 A - a +1 whip of electrocution (weapon)
Armour
 a - a +0 robe (worn)
 p - a +0 pair of boots (worn)
 C - a cursed +0 cloak (worn)
Jewellery
 g - an amulet of faith (around neck)
 h - an uncursed amulet of regeneration
 m - a +2 ring of intelligence (right hand)
Wands
 r - a wand of heal wounds (0/9)
Scrolls
 i - 4 scrolls of identify
 k - a scroll of recharging {unknown}
 o - a scroll of magic mapping
 q - 5 scrolls of remove curse
 u - 2 scrolls of amnesia {unknown}
 v - a scroll of immolation {unknown}
 x - 2 scrolls of noise {unknown}
 y - a scroll of blinking {unknown}
 D - 2 scrolls of teleportation
Potions
 e - a potion of cure mutation {unknown}
 j - a potion of brilliance {unknown}
 l - 2 potions of resistance {unknown}
 n - a potion of flight {unknown}
 t - a potion of agility {unknown}
 w - a potion of degeneration {unknown}
 z - a potion of invisibility
 F - a potion of mutation {unknown}
Books
 b - a book of Flames

   Spells                             Type                      Level
   a - Flame Tongue                   Conjuration/Fire             1
   b - Throw Flame                    Conjuration/Fire             2
   c - Conjure Flame                  Conjuration/Fire             3
   d - Inner Flame                    Hexes/Fire                   3
   e - Sticky Flame                   Conjuration/Fire             4
   f - Fireball                       Conjuration/Fire             5
Comestibles
 c - 6 bread rations
 d - 4 meat rations
 f - 3 slices of pizza
 s - 2 fruits
 B - a royal jelly


   Skills:
 - Level 2.4 Dodging
 - Level 2.4 Stealth
 + Level 9.8 Spellcasting
 + Level 8.0 Conjurations
 + Level 8.9 Fire Magic


You had 17 spell levels left.
You knew the following spells:

 Your Spells              Type           Power        Failure   Level  Hunger
a - Flame Tongue          Conj/Fire      #####        1%          1    None
b - Throw Flame           Conj/Fire      ######       1%          2    None
c - Conjure Flame         Conj/Fire      ######..     1%          3    None
d - Sticky Flame          Conj/Fire      ######..     1%          4    None


Dungeon Overview and Level Annotations

Branches:
Dungeon (7/15)
 Temple: D:4-7

Altars:
Elyvilon
Gozag
Nemelex Xobeh
Qazlal
Sif Muna
Zin
The Shining One


Message History

The centaur shoots an arrow.
The arrow hits you!
There are monsters nearby!
You barely miss the bullfrog.
The bullfrog is lightly wounded.
The bullfrog barely misses you.
The bullfrog hits you but does no damage.
Casting: Flame Tongue
Confirm with . or Enter, or press ? or * to list all spells.
Aiming: Flame Tongue
Press: ? - help, Shift-Dir - straight line, f - bullfrog zombie
Aim: a bullfrog zombie The flame tongue hits the bullfrog zombie.
The bullfrog zombie is moderately damaged.
The bullfrog closely misses you.
The centaur shoots an arrow.
The arrow hits you! The bullfrog zombie barely misses you.
The bullfrog hits you but does no damage.
The centaur shoots an arrow.
The arrow hits you!
* * * LOW HITPOINT WARNING * * *
The centaur shoots an arrow.
The arrow hits you!
You die...

## .. .# #.. #.##
...### ###...#
...... ....
.....####.#
.......<..#
....#.##ยง.##...
. #FZ@...c....
.....h.####......
#...... .....#
......( ..#.Z.
......# #.....
...... ##...
...... #. ......


You could see a bullfrog, a centaur, a hound, a bullfrog zombie and a jackal
skeleton.

Vanquished Creatures
  Pikel (D:5)
  Prince Ribbit (D:5)
  Grinder (D:5)
  Edmund (D:5)
  Menkaure (D:5)
  A slave (D:4)
  2 ice beasts
  A sky beast (D:5)
  A centaur (D:6)
  2 ogres
  A bullfrog (D:6)
  2 scorpions
  3 wights (D:6)
  2 crimson imps
  2 howler monkeys
  An orc priest (D:4)
  A hound (D:5)
  2 orc wizards (D:4)
  Crazy Yiuf (D:5)
  Ijyb (D:2)
  3 worker ants
  A hound skeleton (D:4)
  A worker ant zombie (D:6)
  3 howler monkey skeletons
  11 adders
  3 worms
  5 dart slugs
  6 leopard geckos
  7 orcs (D:4)
  6 bats
  A giant cockroach (D:6)
  10 goblins
  6 hobgoblins
  7 jackals
  3 quokkas
  2 ball pythons
  A frilled lizard (D:2)
  A jackal zombie (D:5)
  5 kobolds
  6 rats
116 creatures vanquished.

Notes
Turn   | Place    | Note
-------+----------+-------------------------------------------
     0 | D:1      | Naow the Deep Elf Fire Elementalist began the quest for the Orb.
     0 | D:1      | Reached XP level 1. HP: 10/10 MP: 6/6
    84 | D:1      | Reached XP level 2. HP: 15/15 MP: 6/8
   113 | D:1      | Learned a level 2 spell: Throw Flame
   667 | D:1      | Reached XP level 3. HP: 19/19 MP: 8/10
   672 | D:1      | Learned a level 3 spell: Conjure Flame
   813 | D:2      | Found a faded altar of an unknown god.
   950 | D:2      | Noticed Ijyb
  1082 | D:2      | Reached skill level 4 in Spellcasting
  1432 | D:2      | Reached XP level 4. HP: 24/24 MP: 7/12
  1793 | D:2      | Learned a level 4 spell: Sticky Flame
  1849 | D:2      | Killed Ijyb
  2287 | D:3      | Reached XP level 5. HP: 28/28 MP: 9/13
  2400 | D:3      | Found a stormy altar of Qazlal.
  2400 | D:3      | Noticed an air elemental
  2416 | D:3      | Noticed a fire elemental
  2417 | D:3      | Noticed a water elemental
  2497 | D:3      | Became a worshipper of Qazlal Stormbringer
  3118 | D:3      | Found a sparkling altar of Nemelex Xobeh.
  3326 | D:4      | Reached skill level 5 in Fire Magic
  3465 | D:4      | Reached skill level 5 in Spellcasting
  3718 | D:4      | Found a white marble altar of Elyvilon.
  3719 | D:4      | Found a glowing silver altar of Zin.
  3720 | D:4      | Found a glowing golden altar of the Shining One.
  3820 | D:4      | Noticed an ogre
  3827 | D:4      | Reached XP level 6. HP: 27/32 MP: 9/15
  4131 | D:4      | Found a deep blue altar of Sif Muna.
  4186 | D:5      | Entered Level 5 of the Dungeon
  4230 | D:5      | Noticed Prince Ribbit
  4238 | D:5      | Killed Prince Ribbit
  4238 | D:5      | Reached skill level 6 in Spellcasting
  4238 | D:5      | Reached skill level 5 in Conjurations
  4238 | D:5      | Reached XP level 7. HP: 28/36 MP: 1/18
  4441 | D:5      | Reached * piety under Qazlal
  4483 | D:5      | Noticed Pikel
  4484 | D:5      | Noticed Grinder
  4740 | D:5      | Reached skill level 7 in Spellcasting
  4902 | D:5      | Noticed Edmund
  4909 | D:5      | Killed Edmund
  4909 | D:5      | Reached XP level 8. HP: 36/41 MP: 7/21
  5101 | D:5      | Found a runed door.
  5186 | D:5      | Found an opulent altar of Gozag.
  5191 | D:5      | Noticed Menkaure
  5198 | D:5      | Killed Menkaure
  5198 | D:5      | Reached skill level 8 in Spellcasting
  5453 | D:5      | Killed Grinder
  5558 | D:5      | Killed Pikel
  5558 | D:5      | Reached skill level 9 in Spellcasting
  5558 | D:5      | Reached XP level 9. HP: 20/45 MP: 11/24
  6391 | D:5      | Noticed Crazy Yiuf
  6394 | D:5      | Killed Crazy Yiuf
  6951 | D:6      | Reached ** piety under Qazlal
  7665 | D:7      | Shot with an arrow by a centaur

Skill      XL: |  1  2  3  4  5  6  7  8  9 |
---------------+----------------------------+-----
Fire Magic     | 4 5 6 8 |  8.9
Conjurations   | 2 3 4 5 7 8 |  8.0
Spellcasting   | 4 5 6 7 9 |  9.8
Dodging        | |  2.4
Stealth        | |  2.4

Action                   |  1- 3 |  4- 6 |  7- 9 || total
-------------------------+-------+-------+-------++-------
Melee: Unarmed           |     2 |     6 |       ||     8
       Whip              |       |       |    13 ||    13
 Cast: Flame Tongue      |    55 |    97 |   128 ||   280
       Throw Flame       |     5 |     9 |    10 ||    24
       Sticky Flame      |       |     3 |    10 ||    13
  Use: Scroll            |       |     5 |       ||     5
  Eat: Chunk             |     2 |     8 |    10 ||    20
Armor: Robe              |     5 |     4 |     5 ||    14
Dodge: Dodged            |    20 |    27 |    55 ||   102
Block: Other             |       |       |     2 ||     2
